[Event "FIDE Grand Swiss 2023"]
[Site "Villa Marina, Douglas, Isle of Man, Isle Of Man"]
[Date "2023.10.29"]
[Round "5.19"]
[White "Kuybokarov, Temur"]
[Black "Bacrot, Etienne"]
[Result "1/2-1/2"]
[TimeControl "40/90 + 30 + 30s/move"]
[WhiteFideId "14203049"]
[BlackFideId "605506"]
[WhiteElo "2584"]
[BlackElo "2669"]

1. e4 c5 2. Nf3 e6 3. d4 cxd4 4. Nxd4 Nc6 5. Nc3 Qc7 6. Be3 a6 7. Qf3 b5 8. O-O-O Bb7 9. Nxc6 Qxc6 10.
Bd3 b4 11. Ne2 Nf6 12. Nd4 Qc7 13. Bf4 d6 14. Qe2 e5 15. Bg3 g6 16. Nb3 Bh6+ 17. Kb1 O-O 18. h4 Nh5 19. Bh2 a5 20.
Nd2 a4 21. Nc4 Rfc8 22. f3 Ba6 23. Nxe5 b3 24. c3 bxa2+ 25. Ka1 Bxd3 26. Nxd3 a3 27. Nb4 Bg7 28. Nd5 axb2+ 29. Qxb2 Qa5 30.
Bxd6 Bxc3 31. Nxc3 Qxc3 32. Qxc3 Rxc3 33. Rd2 f6 34. Rhd1 Ng7 35. Be7 Ne8 36. Rd8 Rxd8 37. Rxd8 Kf7 38.
Bb4 Rc2 39. Rd7+ Kg8 40. Rd2 Rxd2 41. Bxd2 f5 42. exf5 gxf5 43. Kxa2 Kf7 44. Kb3 h5 45. Kc4 Ke6 46. Kd4 Nc7 47.
Bf4 Nd5 48. Bb8 Nb4 49. Bg3 Nd5 50. Ke4 Ke5+ 1/2-1/2

[Event "FIDE Grand Swiss 2023"]
[Site "Villa Marina, Douglas, Isle of Man, Isle Of Man"]
[Date "2023.10.29"]
[Round "5.36"]
[White "Shirov, Alexei"]
[Black "Amar, Elham"]
[Result "1-0"]
[TimeControl "40/90 + 30 + 30s/move"]
[WhiteFideId "2209390"]
[BlackFideId "1533533"]
[WhiteElo "2655"]
[BlackElo "2568"]

1. e4 c6 2. d4 d5 3. e5 Bf5 4. h4 h5 5. Bd3 Bxd3 6. Qxd3 Qa5+ 7. Nd2 e6 8. Ngf3 Nh6 9. O-O Nf5 10.
Nb3 Qb5 11. Qd1 c5 12. a4 Qb6 13. dxc5 Bxc5 14. a5 Qb5 15. Nxc5 Qxc5 16. b3 Nc6 17. Ra4 O-O-O 18. Bg5 Rd7 19.
a6 b5 20. Rf4 Kb8 21. Qd3 Rc8 22. Rxf5 exf5 23. Qxf5 Rdc7 24. e6 fxe6 25. Qxe6 Nd8 26. Qg6 Qxc2 27. Qxc2 Rxc2 28. Nd4 R2c3 29.
Re1 Ka8 30. Bf4 R3c5 31. Re8 b4 32. f3 Nf7 33. Re7 Nd8 34. Rxg7 Ra5 35. Rg6 Rac5 36. Rg8 Nf7 37. Rg7 Nd8 38.
Kh2 Ra5 39. Rg6 Rac5 40. Rf6 Nc6 41. Ne6 Rc2 42. Nc7+ Kb8 43. Nxd5+ Ka8 44. Nc7+ Kb8 45. Nb5+ Ka8 46. Rf7 Ra2 47. Nc7+ Kb8 48. Nd5+ Ka8 49.
Be3 Rg8 50. Rxa7+ 1-0

[Event "FIDE Grand Swiss 2023"]
[Site "Villa Marina, Douglas, Isle of Man, Isle Of Man"]
[Date "2023.10.29"]
[Round "5.49"]
[White "Fier, Alexandr"]
[Black "Van Foreest, Jorden"]
[Result "0-1"]
[TimeControl "40/90 + 30 + 30s/move"]
[WhiteFideId "2107139"]
[BlackFideId "1039784"]
[WhiteElo "2574"]
[BlackElo "2707"]

1. d4 Nf6 2. c4 g6 3. Nc3 Bg7 4. e4 d6 5. Be2 O-O 6. h4 h5 7. Bg5 Na6 8. f3 c6 9. Qd2 Nc7 10.
Rd1 a6 11. Nh3 Bxh3 12. Rxh3 Nd7 13. Bh6 b5 14. Bxg7 Kxg7 15. c5 Qe8 16. f4 Rd8 17. b4 a5 18. a3 axb4 19. axb4 dxc5 20.
dxc5 Nf6 21. Rd3 Rxd3 22. Qxd3 Qa8 23. f5 e5 24. fxg6 fxg6 25. Qd6 Rf7 26. Qxe5 Qa3 27. Rd3 Qa1+ 28.
Bd1 Na6 29. Rd2 Nxb4 30. Qd4 Qa5 31. Rf2 Na6 32. e5 Nd5 33. e6+ Rf6 34. Rxf6 Nxf6 35. e7 Nc7 36. Kf2 Qa1 37. Ne2 Qa2 38.
Qe5 Nce8 39. Kg3 Qa3+ 40. Kh2 Qe3 41. Qxe3 Ng4+ 42. Kg3 Nxe3 43. Bb3 Nf5+ 44. Kf4 Kf6 45. g3 Nc7 46. e8=B Nxe8 47.
Nc3 Nd4 48. Ne4+ Ke7 49. Ba2 Nf6 50. Nd2 Ne6+ 51. Bxe6 Kxe6 52. Kg5 Ke5 53. Kxg6 Ne4 54. Nf3+ Kd5 55. g4 hxg4 56. Ne1 b4 57.
h5 b3 58. Nd3 g3 59. h6 b2 60. h7 b1=Q 61. Nf4+ Ke5 62. h8=Q+ Kxf4 63. Qb8+ Qxb8 0-1